 Dungeon Crawl Stone Soup version 0.23-a0-171-g5ae17c6 (webtiles) character file.

7091 Amnesiac the Destroyer (level 10, -7/63 HPs)
             Began as a Mummy Ice Elementalist on Sept 14, 2018.
             Was a Priest of Vehumet.
             Hit by a javelin of penetration thrown by a minotaur (23 damage)
             ... in a labyrinth.
             The game lasted 00:22:55 (10967 turns).

Amnesiac the Destroyer (Mummy Ice Elementalist)    Turns: 10967, Time: 00:22:56

Health: -7/63      AC: 13    Str: 14    XL:     10   Next: 84%
Magic:  32/32      EV: 12    Int: 21    God:    Vehumet [***...]
Gold:   471        SH:  0    Dex: 14    Spells: 13/27 levels left

rFire    x . .     SeeInvis .   a - +0 scimitar
rCold    + . .     Gourm    .   (no shield)
rNeg     + + +     Faith    .   h - +4 leather armour of Ujieto {Regen+ Str+3}
rPois    ∞         Spirit   .   y - +0 helmet
rElec    .         Reflect  .   p - +1 cloak
rCorr    .         Harm     .   e - +1 pair of gloves
MR       +....                  l - +0 pair of boots
Stlth    ++........             (no amulet)
HPRegen  0.60/turn              q - +4 ring of intelligence
MPRegen  0.23/turn              o - ring of magical power

@: no status effects
A: no food or potions, fire vulnerability, cold resistance 1, negative energy
resistance 3, torment resistance, unbreathing
a: Renounce Religion


You were in a labyrinth.
You worshipped Vehumet.
Vehumet was most pleased with you.
You were not hungry.

You visited 2 branches of the dungeon, and saw 12 of its levels.
You also visited: Labyrinth.

You collected 471 gold pieces.

Inventory:

Hand Weapons
 a - a +0 scimitar (weapon)
 b - a +4 blowgun
Missiles
 s - 34 poisoned needles
 t - 8 curare-tipped needles
Armour
 e - a +1 pair of gloves (worn)
 h - the +4 leather armour of Ujieto (worn) {Regen+ Str+3}
   (You found it on level 4 of the Dungeon)

   It affects your strength (+3).
   It increases your rate of regeneration.
 l - a +0 pair of boots (worn)
 p - a +1 cloak (worn)
 y - a +0 helmet (worn)
 z - a scarf of spirit shield
 D - the +5 robe of the Ditch-Digger {+Fly rCorr}
   (You found it on level 10 of the Dungeon)

   It lets you fly.
   It provides partial protection from all sources of acid and corrosion.
Jewellery
 o - a ring of magical power (right hand)
 q - a +4 ring of intelligence (left hand)
 v - an uncursed ring of wizardry
 x - an uncursed ring of see invisible
 C - a +2 ring of dexterity
Wands
 j - a wand of flame (33)
 m - a wand of acid (5)
 A - a wand of digging (10)
Scrolls
 c - a scroll of enchant armour {!r}
 d - a scroll of fog {!r}
 f - 4 scrolls of blinking {!r}
 g - a scroll of summoning {!r}
 i - 5 scrolls of teleportation {!r}
 k - 2 scrolls of remove curse {!r}
 n - a scroll of fear {!r}
 r - 4 scrolls of identify {!r}
 u - a scroll of magic mapping {!r}
Miscellaneous
 B - a crystal ball of energy


   Skills:
 - Level 1.6 Dodging
 - Level 1.5 Stealth
 + Level 9.1 Spellcasting
 * Level 9.2 Conjurations
 * Level 9.2 Ice Magic


You had 13 spell levels left.
You knew the following spells:

 Your Spells              Type           Power        Failure   Level  Hunger
a - Throw Icicle          Conj/Ice       #####...     1%          4    N/A
b - Summon Ice Beast      Ice/Summ       ####....     14%         4    N/A
d - Freeze                Ice            ####         1%          1    N/A
e - Throw Frost           Conj/Ice       #####.       1%          2    N/A
z - Ozocubu's Armour      Chrm/Ice       ####....     4%          3    N/A

Your spell library contained the following spells:

 Spells                   Type           Power        Failure   Level  Hunger
 Stone Arrow              Conj/Erth      ####..       1%          3    N/A

Dungeon Overview and Level Annotations

Branches:
Dungeon (11/15)            Temple (1/1) D:6            Lair (0/6) D:8
    Orc (0/2) D:11

Altars:
Ashenzari
Cheibriados
Dithmenos
Elyvilon
Fedhas
Gozag
Hepliaklqana
Kikubaaqudgha
Makhleb
Nemelex Xobeh
Okawaru
Qazlal
Ru
Sif Muna
Trog
Uskayaw
Vehumet
Wu Jian
Xom
Yredelemnul
Zin
The Shining One


Innate Abilities, Weirdness & Mutations

You do not eat or drink.
Your flesh is vulnerable to fire.
You are immune to poison.
Your flesh is cold resistant. (rC+)
You are immune to negative energy. (rN+++)
You are immune to unholy pain and torment.
You can survive without breathing.


Message History

The javelin of penetration closely misses you.
You see here a javelin of penetration.
The minotaur throws a javelin of penetration.
The javelin of penetration barely misses you.
You see here a javelin of penetration.
Found a pair of gloves and a glowing iron wand.
You see here a javelin of penetration.
You see here a javelin of penetration.
You see here 3 javelins of penetration.
You see here a javelin of penetration.
You see here a javelin of penetration.
You see here a javelin of penetration.
You see here a javelin of penetration.
You see here a javelin of penetration.
The minotaur throws a javelin of penetration.
The javelin of penetration pierces through you!
You see here 2 javelins of penetration.
You see here 3 javelins of penetration.
You see here a javelin of penetration.
You see here a javelin of penetration.
What are your orders? t - Shout!
Orders for allies: a - Attack new target. r - Retreat! s - Stop attacking. g - Guard the area. f - Follow me.
Anything else - Cancel.
You shout for attention!
The minotaur throws a javelin of penetration.
The javelin of penetration pierces through you!!
You see here a javelin of penetration.
You see here a javelin of penetration.
The minotaur throws a javelin of penetration.
The javelin of penetration pierces through you!
* * * LOW HITPOINT WARNING * * *
You see here 2 javelins of penetration.
You see here 3 javelins of penetration.
The minotaur throws a javelin of penetration.
The javelin of penetration pierces through you!
* * * LOW HITPOINT WARNING * * *
You see here a javelin of penetration.
You hear an odd grinding sound!
You see here 2 javelins of penetration.
You see here a javelin of penetration.
The minotaur throws a javelin of penetration.
The javelin of penetration pierces through you but does no damage.
You see here a javelin of penetration.
You see here a javelin of penetration.
You see here 2 javelins of penetration.
The minotaur throws a javelin of penetration.
The javelin of penetration completely misses you.
You see here 4 javelins of penetration.
You see here a javelin of penetration.
The minotaur throws a javelin of penetration.
The javelin of penetration pierces through you!!
Ouch! That really hurt!
* * * LOW HITPOINT WARNING * * *
Casting: Ozocubu's Armour (safe; 4% risk of failure)
Confirm with . or Enter, or press ? or * to list all spells.
Okay, then.
You see here 2 javelins of penetration.
You see here a javelin of penetration.
The minotaur throws a javelin of penetration.
The javelin of penetration pierces through you!!
You die...

. ..#.#. .#...
.#
.#.#.(##.#.#...
##. .#.#.( (( H
.(.#. .# ###. .#
#######...## #.
...# /8[ .8#. ..
# ####..# .....
'.### ## # ..#
:8 8. #...# ..
###H#########.#.
#
.....((..@.(.#.#
#.###.#####.###
# ... #... ...
### #.#.# #####
..#.# #.# # #.#
###


You could see a minotaur.

Vanquished Creatures
  A centaur warrior (D:10)
  A cyclops (D:11)
  A troll (D:10)
  Grinder (D:2)
  Sigmund (D:3)
  Eustachio (D:5)
  A human (D:9)
  4 hogs (D:9)
  5 yaks (D:10)
  A hungry ghost (D:7)
  A warg (D:11)
  2 orc warriors
  2 sky beasts
  A black bear (D:8)
  3 ice beasts
  An eye of draining (D:10)
  A phantom (D:6)
  3 centaurs
  3 big kobolds
  8 bullfrogs
  A wyvern skeleton (D:10)
  3 scorpions
  8 killer bees
  3 crimson imps
  A bullfrog zombie (D:11)
  7 hounds
  A quasit (D:5)
  4 jellies
  Crazy Yiuf (D:6)
  4 orc priests
  2 centaur skeletons (D:10)
  Jessica (D:7)
  5 iguanas
  An orc wizard (D:10)
  5 worker ants
  A hound skeleton (D:9)
  3 gnolls
  8 adders
  3 shadow imps
  An ooze (D:3)
  An adder zombie (D:7)
  An adder skeleton (D:7)
  4 worms
  6 dart slugs
  5 leopard geckos
  22 orcs
  4 giant cockroaches
  8 goblins
  7 hobgoblins
  12 jackals
  18 kobolds
  3 quokkas
  A ball python (D:4)
  9 bats
  8 frilled lizards
  3 rats
  A spectral orc (D:6)
  A fungus (D:6)
219 creatures vanquished.

Vanquished Creatures (others)
  A kobold (D:2)
1 creature vanquished.

Grand Total: 220 creatures vanquished

Notes
Turn   | Place    | Note
-------+----------+-------------------------------------------
     0 | D:1      | Amnesiac the Mummy Ice Elementalist began the quest for the
                  | Orb.
     0 | D:1      | Reached XP level 1. HP: 13/13 MP: 4/4
    17 | D:2      | Found a white marble altar of Elyvilon.
   285 | D:2      | Reached XP level 2. HP: 13/19 MP: 1/5
   308 | D:2      | Learned a level 2 spell: Throw Frost
   477 | D:4      | Noticed Grinder
   477 | D:4      | Noticed a scorpion
   480 | D:4      | Paralysed by Grinder for 3 turns
   704 | D:4      | Got a polished leather armour
   741 | D:5      | Entered Level 5 of the Dungeon
   793 | D:5      | Identified the +4 leather armour of Ujieto {Regen+ Str+3}
                  | (You found it on level 4 of the Dungeon)
   953 | D:5      | Noticed a sky beast
  1078 | D:5      | Killed a sky beast
  1078 | D:5      | Reached XP level 3. HP: 19/24 MP: 0/8
  1078 | D:5      | Reached XP level 4. HP: 24/30 MP: 0/10
  1110 | D:5      | Learned a level 3 spell: Ozocubu's Armour
  1115 | D:5      | Learned a level 4 spell: Throw Icicle
  1295 | D:4      | Reached XP level 5. HP: 28/35 MP: 5/11
  1628 | D:5      | Reached XP level 6. HP: 41/41 MP: 9/13
  1634 | D:5      | Learned a level 4 spell: Summon Ice Beast
  1747 | D:5      | Reached skill level 5 in Ice Magic
  1766 | D:5      | Reached skill level 5 in Spellcasting
  2034 | D:4      | Noticed a hornet
  2072 | D:5      | Noticed Eustachio
  2088 | D:5      | Killed Eustachio
  2088 | D:5      | Reached XP level 7. HP: 41/46 MP: 4/15
  2119 | D:5      | Found a glowing golden altar of the Shining One.
  2122 | D:5      | Found a hide-covered altar of Uskayaw.
  2125 | D:5      | Found a snail-covered altar of Cheibriados.
  2665 | D:6      | Reached skill level 1 in Conjurations
  2740 | D:6      | Found a stormy altar of Qazlal.
  2824 | D:6      | Found a staircase to the Ecumenical Temple.
  2833 | Temple   | Entered the Ecumenical Temple
  2944 | D:6      | Reached XP level 8. HP: 45/52 MP: 11/17
  3135 | D:6      | Found a basalt altar of Yredelemnul.
  3232 | D:6      | Found a shimmering altar of Xom.
  3232 | D:6      | Found a burning altar of Makhleb.
  3538 | D:6      | Found a runed door.
  3542 | D:6      | Noticed Crazy Yiuf
  3545 | D:6      | Killed Crazy Yiuf
  3603 | D:7      | Found a sparkling altar of Nemelex Xobeh.
  3671 | D:7      | Reached skill level 5 in Conjurations
  3846 | D:2      | Found a radiant altar of Vehumet.
  4007 | D:2      | Became a worshipper of Vehumet
  4026 | D:2      | Paralysed by Grinder for 2 turns
  4030 | D:2      | Killed Grinder
  4298 | D:1      | Reached * piety under Vehumet
  4298 | D:1      | Offered knowledge of Magic Dart by Vehumet.
  4678 | D:2      | Found a hazy altar of Hepliaklqana.
  5094 | D:3      | Noticed Sigmund
  5566 | D:3      | Killed Sigmund
  5891 | D:7      | Reached XP level 9. HP: 50/57 MP: 2/18
  5943 | D:7      | Found a sparkling altar of Nemelex Xobeh.
  5943 | D:7      | Noticed Jessica
  5946 | D:7      | Killed Jessica
  6435 | D:7      | Found a bloodstained altar of Trog.
  6520 | D:8      | Reached ** piety under Vehumet
  6566 | D:8      | Offered knowledge of Sandblast by Vehumet.
  6981 | D:8      | Found a staircase to the Lair.
  7560 | D:9      | Found a sacrificial altar of Ru.
  7695 | D:9      | Found an ancient bone altar of Kikubaaqudgha.
  8286 | D:10     | Entered Level 10 of the Dungeon
  8383 | D:10     | Reached XP level 10. HP: 63/63 MP: 5/21
  8942 | D:10     | Offered knowledge of Searing Ray by Vehumet.
  9187 | D:10     | Got a fabulously ornate robe
  9200 | D:10     | Identified the +5 robe of the Ditch-Digger {+Fly rCorr}
                  | (You found it on level 10 of the Dungeon)
  9225 | D:10     | Noticed a centaur warrior
  9231 | D:10     | Killed a centaur warrior
 10395 | D:11     | Reached *** piety under Vehumet
 10472 | D:11     | Noticed a cyclops
 10535 | D:11     | Killed a cyclops
 10598 | D:11     | Found a staircase to the Orcish Mines.
 10610 | D:11     | Offered knowledge of Stone Arrow by Vehumet.
 10627 | D:11     | Noticed a red ugly thing
 10629 | D:11     | Found a labyrinth entrance.
 10636 | Lab      | Entered a labyrinth
 10799 | Lab      | Noticed a minotaur
 10967 | Lab      | Hit by a javelin of penetration thrown by a minotaur

Vault maps used:
D:1:      minmay_arrival_open_corners, st_stairs_3, minivault_14
D:2:      fiery_altar_vehumet, lemuel_crystal_altar, st_stairs_7, dk_vineyard_2,
          elyvilon_altar_4
D:3:      minmay_fountain_box, corexii_corridor_pit, uniq_sigmund
D:4:      first_ration, uniq_grinder
D:5:      grunt_temple_overflow_diamond, uniq_eustachio
D:6:      grunt_temple_overflow_champion_of_chaos,
          yredelemnul_forgotten_temple_becter, nicolae_qazlal_general_emergency,
          lemuel_temple_firewalk_b, interstate_on_off, uniq_crazy_yiuf_cottage
D:7:      lemuel_crystal_altar, lightli_temple_of_fire,
          nemelex_lonely_heart_becter
D:8:      lair_entry_dummy
D:9:      kiku_gazebo_pond_becter, nicolae_overflow_crystal_walls,
          grunt_livestock
D:11:     david_orc_3, lab_entry_generic
Temple:   compressed_dpeg_triangle_lava_temple
Lab:      nicolae_lab_dead_adventurers, lab_fountain, labyrinth_glass_1,
          nicolae_lab_statue, nicolae_lab_plus, nicolae_lab_flowing_pool

Skill      XL: |  1  2  3  4  5  6  7  8  9 10 |
---------------+-------------------------------+-----
Ice Magic      | 4 5 6 7 9 |  9.2
Spellcasting   | 4 5 6 7 9 |  9.1
Conjurations   | 3 6 7 9 |  9.2
Dodging        | |  1.6
Stealth        | |  1.5

Action                   |  1- 3 |  4- 6 |  7- 9 | 10-12 || total
-------------------------+-------+-------+-------+-------++-------
Melee: Short sword       |     6 |       |       |       ||     6
       War axe           |     1 |    13 |     3 |       ||    17
       Falchion          |       |       |    81 |     3 ||    84
       Scimitar          |       |       |       |    42 ||    42
 Fire: Blowgun           |       |       |       |     4 ||     4
 Cast: Freeze            |    33 |    55 |   187 |    53 ||   328
       Ozocubu's Armour  |       |     2 |       |     4 ||     6
       Throw Icicle      |       |       |    95 |    57 ||   152
Evoke: Wand              |       |       |       |     1 ||     1
  Use: Scroll            |       |       |    16 |     2 ||    18
 Stab: Sleeping          |     1 |     4 |     1 |       ||     6
Armor: Leather armour    |     6 |    42 |   120 |    69 ||   237
       Robe              |     2 |       |       |       ||     2
Dodge: Dodged            |    18 |    65 |   164 |    92 ||   339
       Rpst.: Falchion   |       |       |    42 |     7 ||    49
       Scimitar          |       |       |       |    17 ||    17

Table legend:
 A = Non-vault XP
 B = Vault XP
 C = Vault XP percentage of total XP
 D = Non-vault monster count
 E = Vault monster count
 F = Vault count percentage of total count
                 A         B        C        D         E       F
            +---------+---------+-------+---------+---------+-------
      Total |    8010 |    2121 |  20.9 |     193 |      25 |  11.5
            +---------+---------+-------+---------+---------+-------
        D:1 |      33 |       2 |   5.7 |      16 |       2 |  11.1
        D:2 |     111 |     260 |  70.1 |      36 |       4 |  10.0
        D:3 |      62 |     227 |  78.5 |      11 |       1 |   8.3
        D:4 |     267 |       0 |   0.0 |      16 |       0 |   0.0
        D:5 |     454 |     211 |  31.7 |      15 |       1 |   6.2
        D:6 |     749 |      91 |  10.8 |      11 |       3 |  21.4
        D:7 |     756 |      37 |   4.7 |      16 |       1 |   5.9
        D:8 |     619 |       0 |   0.0 |      12 |       0 |   0.0
        D:9 |     435 |    1000 |  69.7 |      17 |       5 |  22.7
       D:10 |    3567 |       0 |   0.0 |      30 |       0 |   0.0
       D:11 |     957 |     293 |  23.4 |      13 |       8 |  38.1
            +---------+---------+-------+---------+---------+-------
